 Dungeon Crawl Stone Soup version 0.29-a0-824-gd827844252 (webtiles) character file.

Game seed: 7918480909677867390

317 CannotBeFrozen the Grasshopper (level 6, -1/49 HPs)
             Began as a Demigod Warper on July 9, 2022.
             Killed by divine providence
             ... invoked by an orc priest
              (12 damage)
             ... on level 4 of the Dungeon.
             The game lasted 00:14:45 (5360 turns).

CannotBeFrozen the Grasshopper (Demigod Warper)     Turns: 5360, Time: 00:14:45

Health: -1/49      AC:  7    Str: 12    XL:     6   Next: 0%
Magic:  11/11      EV: 11    Int: 15    God:
Gold:   140        SH:  0    Dex: 21    Spells: 7/9 levels left

rFire   + . .      SeeInvis .   a - +0 falchion
rCold   . . .      Faith    .   (no shield)
rNeg    . . .      Spirit   .   v - +0 ring mail
rPois   .          Reflect  .   h - +0 helmet
rElec   .          Harm     .   (no cloak)
rCorr   .          Rampage  .   (no gloves)
Will    .....                   w - +0 pair of boots
Stlth   ++........              (no amulet)
HPRegen 0.16/turn               r - ring of protection from fire
MPRegen 0.12/turn               (no ring)

@: no status effects
A: high MP 1, forlorn, divine attributes
a: no special abilities


You were on level 4 of the Dungeon.
You visited 1 branch of the dungeon, and saw 4 of its levels.

You collected 184 gold pieces.
You spent 44 gold pieces at shops.

Inventory:

Hand Weapons
 a - a +0 falchion (weapon)
 b - a +1 dagger of freezing
Missiles
 d - 5 boomerangs of dispersal {=f=F}
 e - 5 boomerangs (quivered)
 u - a throwing net {=f=F}
 y - 3 poisoned darts
Armour
 h - a +0 helmet (worn)
 j - a +0 leather armour
 v - a +0 ring mail (worn)
 w - a +0 pair of boots (worn)
Jewellery
 r - a ring of protection from fire (left hand)
Scrolls
 c - 2 scrolls of blinking
 k - a scroll of acquirement {unknown}
 m - a scroll of teleportation {unknown}
 q - a scroll of summoning {unknown}
 s - 2 scrolls of torment {unknown}
 t - a scroll of fear {unknown}
 A - a scroll of immolation {unknown}
Potions
 f - 2 potions of mutation
 g - a potion of attraction
 i - 2 potions of lignification
 l - a potion of cancellation {unknown}
 n - 3 potions of haste
 o - a potion of curing {unknown}
 p - a potion of flight {unknown}
 x - a potion of ambrosia {unknown}
 z - a potion of brilliance {unknown}


   Skills:
 + Level 2.3 Fighting
 + Level 3.9 Long Blades
 - Level 1.0 Throwing
 + Level 1.6 Armour
 - Level 2.0 Dodging
 - Level 2.0 Stealth
 - Level 2.0 Spellcasting
 - Level 4.0 Translocations


You had 7 spell levels left.
You knew the following spells:

 Your Spells              Type           Power      Damage    Failure   Level
z - Blink                 Tloc           26%        N/A       14%         2

Your spell library contained the following spells:

 Spells                   Type           Power      Damage    Failure   Level
 Gell's Gravitas          Tloc           13%        N/A       28%         3
 Lesser Beckoning         Tloc           13%        N/A       28%         3
 Teleport Other           Tloc           13%        N/A       28%         3
 Ensorcelled Hibernation  Hex/Ice        2%         N/A       58%         2
 Spider Form              Tmut/Pois      1%         N/A       82%         3
 Manifold Assault         Tloc           13%        N/A       95%         5
 Anguish                  Hex/Necr       0%         N/A       99%         4


Dungeon Overview and Level Annotations

Branches:
Dungeon (4/15)
 Temple: D:4-7

Shops:
D:1 *   D:2 =   D:3 [

Annotations:
D:3 1 runed translucent door, Crazy Yiuf


Innate Abilities, Weirdness & Mutations

You have an increased reservoir of magic. (+10% MP)
You shall have no god before yourself.
Your divine heritage dramatically boosts your attributes as you level up.


Message History

HP: 37/49 (-2) =========--- You barely miss the orc priest.
The orc priest is heavily wounded.
The orc priest hits you with a +0 hand axe.
HP: 36/49 (-1) ========---- You barely miss the orc priest.
The orc priest is heavily wounded.
The orc priest hits you with a +0 hand axe.
HP: 33/49 (-3) ========---- You hit the orc priest.
The orc priest is heavily wounded.
The orc priest misses you.
You hit the orc priest but do no damage.
The orc priest is heavily wounded.
The orc priest mumbles some strange prayers to Beogh against you.
Beogh smites you!
* * * LOW HITPOINT WARNING * * *
HP: 20/49 (-13) ====-------- !!
You are too injured to fight recklessly!
You are too injured to fight recklessly!
You closely miss the orc priest.
The orc priest is heavily wounded.
The orc priest hits you with a +0 hand axe.
* * * LOW HITPOINT WARNING * * *
HP: 16/49 (-4) ===--------- You hit the orc priest.
The orc priest is almost dead.
The orc priest begins to cast a cantrip, but forgets the words!
You hit the orc priest but do no damage.
The orc priest is almost dead.
The orc priest hits you with a +0 hand axe.
* * * LOW HITPOINT WARNING * * *
HP: 12/49 (-4) ==---------- You closely miss the orc priest.
The orc priest is almost dead.
The orc priest hits you with a +0 hand axe.
* * * LOW HITPOINT WARNING * * *
The orc priest calls down the wrath of Beogh upon you.
Beogh smites you!
You die...

#..P≈≈≈≈≈≈..#...'.......+
######...P≈≈≈≈≈....###.......#
.......#.≈≈≈≈.≈.##.......#####
###..♣.≈≈≈≈..######.#......).
#.#P≈≈≈≈≈≈♣##...#.#........
#.#.≈.P≈.≈###.#.#.#........
#.#...≈≈♣...............≈≈♣
###.#.......#<#.#.###....♣≈♣♣
..#.#.......[@#.......##♣≈≈P≈
#.#....##....o.....#....♣≈≈≈P
#.###......#[#.....####♣≈≈
#.##.......#...#......P♣
#.##.#.....#.....#.###≈♣
#.##.................♣≈≈≈≈≈PPo
#....###.........#.#.♣≈♣≈≈≈≈≈P
###### #.............♣♣≈≈≈≈≈≈≈
#######.....#......#♣ ≈ ≈≈≈≈≈


You could see an orc priest.

Vanquished Creatures
  A scorpion (D:3)
  A gnoll bouda (D:3)
  An orc priest (D:4)
  Jessica (D:3)
  An orc wizard (D:4)
  Robin (D:3)
  A gnoll (D:3)
  4 adders
  A worm (D:3)
  A dart slug (D:3)
  6 orcs
  3 ball pythons
  3 bats
  7 endoplasms
  A giant cockroach (D:3)
  12 goblins
  8 hobgoblins
  6 jackals (D:1)
  3 quokkas
  5 frilled lizards
  5 kobolds
  7 rats
79 creatures vanquished.

Vanquished Creatures (others)
  A fungus (D:3)
  11 plants (D:4)
12 creatures vanquished.

Grand Total: 91 creatures vanquished

Notes
Turn   | Place    | Note
-------+----------+-------------------------------------------
     0 | D:1      | CannotBeFrozen the Demigod Warper began the quest for the
                  | Orb.
     0 | D:1      | Reached XP level 1. HP: 17/17 MP: 5/5
   302 | D:1      | Reached XP level 2. HP: 10/24 MP: 7/7
   308 | D:1      | Learned a level 2 spell: Blink
   973 | D:1      | Found Qiqoerid's Assorted Antiques.
   977 | D:1      | Bought an inky potion for 22 gold pieces
   977 | D:1      | Bought a golden potion for 22 gold pieces
  1621 | D:2      | Reached XP level 3. HP: 27/29 MP: 8/8
  1646 | D:2      | Reached skill level 1 in Stealth
  1870 | D:2      | Found Ecvysmiu's Jewellery Boutique.
  3148 | D:3      | Found Mikutos's Antique Armour Emporium.
  3282 | D:3      | Reached XP level 4. HP: 27/36 MP: 9/9
  3374 | D:3      | Reached skill level 1 in Throwing
  3456 | D:3      | Reached skill level 3 in Translocations
  3566 | D:3      | Noticed Robin
  3568 | D:3      | Identified the +8 hand axe "Xolof" {antimagic, rPois Str-3
                  | Int+6}
  3573 | D:3      | Killed Robin
  3704 | D:3      | Found a runed translucent door.
  3705 | D:3      | Noticed Crazy Yiuf
  3732 | D:3      | Noticed Jessica
  3749 | D:3      | Killed Jessica
  4110 | D:3      | Reached skill level 4 in Translocations
  4110 | D:3      | Reached XP level 5. HP: 14/41 MP: 10/10
  4334 | D:3      | Reached skill level 1 in Armour
  5289 | D:3      | Reached XP level 6. HP: 40/49 MP: 11/11
  5360 | D:4      | Killed from afar by an orc priest

Illustrated notes

Levels and vault maps discovered:
D:1:      scummos_arrival_star, layout_loops_corners, serial_shops,
          nicolae_diamond_shop, nicolae_kite_square_tiling_tiny
D:2:      layout_loops_ring, serial_shops, shop
D:3:      layout_basic, serial_shops, nicolae_shop_hallway_stairs,
          minmay_randomly_rotated_circles, uniq_crazy_yiuf_cottage,
          uniq_jessica, uniq_robin
D:4:      layout_basic, serial_bayou, serial_bayou_pond_e, serial_bayou_shore_b,
          serial_bayou_lake_a, serial_bayou_pond_b, serial_bayou_crossing

Skill      XL: |  1  2  3  4  5 |
---------------+----------------+-----
Long Blades    | 2 3 |  3.9
Stealth        | 1 2 |  2.0
Spellcasting   | 2 |  2.0
Throwing       | 1 |  1.0
Translocations | 4 |  4.0
Armour         | 1 |  1.6
Fighting       | 2 |  2.3
Dodging        | 2 |  2.0

Action                   |  1- 3 |  4- 6 || total
-------------------------+-------+-------++-------
Melee: Falchion          |   130 |   128 ||   258
       Punch             |     2 |       ||     2
Throw: Boomerang         |    17 |    20 ||    37
       Dart              |     1 |     9 ||    10
 Cast: Blink             |       |     2 ||     2
  Use: Scroll            |     3 |       ||     3
       Potion            |       |     2 ||     2
Armor: Leather armour    |    18 |       ||    18
       Ring mail         |     5 |    35 ||    40
       Skin              |       |    27 ||    27
Dodge: Dodged            |    81 |    67 ||   148

Table legend: (Time is in decaauts)
 A = Elapsed time spent in this place.
 B = Non-inter-level travel time spent in this place.
 C = Inter-level travel time spent in this place.
 D = Time resting spent in this place.
 E = Time spent auto-exploring this place.
 F = Levels seen in this place.
 G = Mean time per level.
                   A        B        C        D        E       F      G
               +--------+--------+--------+--------+--------+-----+--------+
         Total |   5417 |   5297 |    120 |   1921 |   2243 |   4 | 1354.2 |
       Dungeon |   5417 |   5297 |    120 |   1921 |   2243 |   4 | 1354.2 |
               +--------+--------+--------+--------+--------+-----+--------+

Top non-repeatable levels by time:
     D:3: 2365 daAuts
     D:1: 1470 daAuts
     D:2: 1295 daAuts
     D:4: 284 daAuts
